 Dungeon Crawl Stone Soup version 0.24-a0-725-gf1a930fc54 (webtiles) character file.

Game seed: 11764978537570876237, levelgen mode: deterministic

32 MalarOregon the Ruffian (level 3, -2/30 HPs)
             Began as a Draconian Transmuter on Oct 1, 2019.
             Slain by Terence
             ... wielding a +0 short sword
              (5 damage)
             ... on level 2 of the Dungeon.
             The game lasted 00:01:43 (1153 turns).

MalarOregon the Ruffian (Draconian Transmuter)      Turns: 1153, Time: 00:01:44

Health: -2/30      AC:  5    Str: 12    XL:     3   Next: 8%
Magic:  5/6        EV: 12    Int: 14    God:
Gold:   50         SH:  0    Dex: 11    Spells: 5/6 levels left

rFire    . . .     SeeInvis .     - Unarmed
rCold    . . .     Gourm    .   (no shield)
rNeg     . . .     Faith    .   (armour unavailable)
rPois    .         Spirit   .   (helmet restricted)
rElec    .         Reflect  .   (no cloak)
rCorr    .         Harm     .   (no gloves)
MR       .....                  (no boots)
Stlth    +.........             (no amulet)
HPRegen  0.10/turn              (no ring)
MPRegen  0.10/turn              (no ring)

@: berserk cooldown, slowed, very slow
A: unfitting armour, cold-blooded, AC +5
a: no special abilities


You were on level 2 of the Dungeon.
You were not hungry.

You visited 1 branch of the dungeon, and saw 2 of its levels.

You collected 50 gold pieces.

Inventory:

Missiles
 a - 32 arrows
Jewellery
 i - a +5 ring of slaying
   (You found it on level 1 of the Dungeon)
Scrolls
 f - a scroll of remove curse {@r2}
 h - a scroll of blinking {unknown}
Comestibles
 e - 7 rations {!d}


   Skills:
 + Level 2.4 Fighting
 - Level 1.7 Dodging
 + Level 3.6 Unarmed Combat
 - Level 2.0 Spellcasting
 - Level 2.0 Transmutations


You had 5 spell levels left.
You knew the following spells:

 Your Spells              Type           Power        Failure   Level  Hunger
a - Beastly Appendage     Tmut           #.....       11%         1    ##.....

Your spell library contained the following spells:

 Spells                   Type           Power        Failure   Level  Hunger
 Sticks to Snakes         Tmut           #.......     16%         2    ###....
 Spider Form              Tmut/Pois      #.........   43%         3    ####...
 Ice Form                 Ice/Tmut       #.......     83%         4    #####..
 Blade Hands              Tmut           #.........   96%         5    ######.


Dungeon Overview and Level Annotations

Branches:
Dungeon (2/15)

Altars:

Annotations:
D:2 Terence


Innate Abilities, Weirdness & Mutations

Your plain brown scales are hard. (AC +5)
You cannot fit into any form of body armour.
You are cold-blooded and may be slowed by cold attacks.


Message History

You hit Terence. Your kick misses Terence.
You feel sick. Terence barely misses you.
You hit Terence. You claw Terence, but do no damage. Terence misses you.
You hit Terence but do no damage. You punch Terence, but do no damage.
Terence hits you with a +0 short sword.
* * * LOW HITPOINT WARNING * * *
You completely miss Terence. Terence barely misses you.
You closely miss Terence.
You feel sick. Terence hits you with a +0 short sword.
* * * LOW HITPOINT WARNING * * *
You closely miss Terence. Your kick misses Terence.
Your talons disappear.
You grow a pair of large bovine horns.
Terence hits you with a +0 short sword.
* * * LOW HITPOINT WARNING * * *
You hit Terence but do no damage. Your headbutt misses Terence.
You tail-slap Terence. Terence hits you but does no damage.
You hit Terence. Your headbutt misses Terence.
You feel sick.
You are no longer poisoned.
Terence closely misses you.
You hit Terence.
You tail-slap Terence, but do no damage.
Terence closely misses you.
It was a potion of agility.
You feel agile all of a sudden. Terence closely misses you.
You hit Terence but do no damage. Terence closely misses you.
It was a potion of cancellation.
Your magical effects are unravelling.
You feel magically purged.
Your horns disappear.
You feel a little less agile now. Terence hits you with a +0 short sword.
* * * LOW HITPOINT WARNING * * *
Unknown command.
It was a potion of berserk rage.
A red film seems to cover your vision as you go berserk!
You feel yourself moving faster!
You feel mighty! Terence hits you but does no damage.
Unknown command.
You feel a strong urge to attack something.
You feel your anger nearly subside.
You are no longer berserk.
You are exhausted.
You feel yourself slow down.
As you read the scroll labeled YFFYTO FULI, it crumbles to dust.
You feel blessed for a moment.
It was a scroll of remove curse.
Terence closely misses you.
As you read the scroll labeled TAHEFI LUASCHAE, it crumbles to dust.
It is a scroll of identify.
i - a +5 ring of slaying Terence hits you with a +0 short sword.
You die...

##..................#
##...................#
#..................<.#
#............##.######
#........!..###†#
.#.).........# #.#
......†......# #.# #
...........#.###@#..#
...........(..(@!..#
.....+########+..#.#
..... #....# ....
#....# ... #.##.# <#.
#.# .# #.. ## #.#


You could see Terence.

Vanquished Creatures
  An adder (D:2)
  An ooze (D:1)
  2 bats
  A giant cockroach (D:1)
  2 goblins (D:1)
  3 hobgoblins (D:1)
  3 frilled lizards
  A kobold (D:1)
  6 rats (D:1)
20 creatures vanquished.

Notes
Turn   | Place    | Note
-------+----------+-------------------------------------------
     0 | D:1      | MalarOregon the Draconian Transmuter began the quest for
                  | the Orb.
     0 | D:1      | Reached XP level 1. HP: 16/16 MP: 3/3
   128 | D:1      | Reached XP level 2. HP: 4/24 MP: 5/5
  1113 | D:2      | Noticed Terence
  1132 | D:2      | Reached XP level 3. HP: 19/30 MP: 4/6
  1153 | D:2      | Slain by Terence

Levels and vault maps discovered:
D:1:      lightli_arrival_lavapool, layout_loops_ring
D:2:      layout_rooms, gammafunk_temple_overflow_pools,
          nicolae_gozag_zags_fifth_avenue, minivault_11, uniq_terence

Skill      XL: |  1  2 |
---------------+-------+-----
Fighting       | 2 |  2.4
Dodging        | |  1.7
Unarmed Combat | |  3.6
Spellcasting   | |  2.0
Transmutations | |  2.0

Action                   || total
-------------------------++-------
Melee: Unarmed           ||    87
       Tailslap          ||    13
       Punch             ||     2
       Kick              ||     1
 Cast: Beastly Appendage ||     3
  Use: Potion            ||     3
       Scroll            ||     2
 Stab: Sleeping          ||     3
  Eat: Chunk             ||     1
Armor: Skin              ||    12
Dodge: Dodged            ||    54

Table legend:
 A = Non-vault XP
 B = Vault XP
 C = Vault XP percentage of total XP
 D = Non-vault monster count
 E = Vault monster count
 F = Vault count percentage of total count
                 A         B        C        D         E       F
            +---------+---------+-------+---------+---------+-------
      Total |      46 |       0 |   0.0 |      20 |       0 |   0.0
            +---------+---------+-------+---------+---------+-------
        D:1 |      30 |       0 |   0.0 |      17 |       0 |   0.0
        D:2 |      16 |       0 |   0.0 |       3 |       0 |   0.0
            +---------+---------+-------+---------+---------+-------
